 Dungeon Crawl Stone Soup version 0.27.1 (webtiles) character file.

Game seed: 12317703911063958393

52 Tinkle the Chopper (level 3, -1/33 HPs)
             Began as a Minotaur Berserker on Aug 31, 2021.
             Was a Believer of Trog.
             Slain by Sigmund (10 damage)
             ... on level 2 of the Dungeon.
             The game lasted 00:06:59 (1491 turns).

Tinkle the Chopper (Minotaur Berserker)             Turns: 1491, Time: 00:07:00

Health: -1/33      AC:  8    Str: 22    XL:     3   Next: 60%
Magic:  2/2        EV:  8    Int:  4    God:    Trog [**....]
Gold:   76         SH:  0    Dex:  9    Spells: 2/2 levels left

rFire    . . .     SeeInvis .   a - +0 hand axe
rCold    . . .     Faith    .   (no shield)
rNeg     . . .     Spirit   .   d - +0 chain mail
rPois    .         Reflect  .   (helmet restricted)
rElec    .         Harm     .   (no cloak)
rCorr    .         Rampage  .   (no gloves)
Will     .....                  (no boots)
Stlth    ..........             (no amulet)
HPRegen  0.11/turn              (no ring)
MPRegen  0.08/turn              (no ring)

@: slowed, very slow
A: horns 2, retaliatory headbutt
a: Renounce Religion, Berserk, Trog's Hand


You were on level 2 of the Dungeon.
You worshipped Trog.
Trog was pleased with you.
You visited 1 branch of the dungeon, and saw 2 of its levels.

You collected 76 gold pieces.

Inventory:

Hand Weapons
 a - a +0 hand axe (weapon)
Armour
 d - a +0 chain mail (worn)
Scrolls
 c - a scroll of noise {unknown}
 e - 2 scrolls of vulnerability {unknown}
 f - a scroll of teleportation {unknown}
Potions
 b - a potion of degeneration {unknown}


   Skills:
 + Level 4.0 Fighting
 * Level 5.3 Axes
 - Level 2.4 Armour
 - Level 2.1 Dodging


You had 2 spell levels left.
You didn't know any spells.
Your spell library was empty.

Dungeon Overview and Level Annotations

Branches:
Dungeon (2/15)

Altars:

Annotations:
D:2 Natasha, Sigmund


Innate Abilities, Weirdness & Mutations

You have a pair of horns on your head.
You reflexively headbutt those who attack you in melee.


Message History

You kill the ball python!
Trog accepts your kill.
Found a book of Iron.
Sigmund the Dreaded comes into view.
He is wielding a +4 scythe of protection.
Sigmund casts a spell at you.
You are confused.
Unknown command.
You're too confused to move!
Natasha howls an incantation.
You feel troubled. Natasha casts a spell at you.
You feel yourself slow down. Sigmund gestures at you while chanting.
You are more confused.
Natasha stares at you and mumbles some strange words.
The magic dart hits you. Natasha claws you.
Damage: -15%(-5hp) hp: 85%(28hp) Sigmund hits you but does no damage.
Natasha wildly gestures.
Natasha's front paws start to glow.
Natasha claws you but does no damage.
Okay, then.
You closely miss Natasha. Your headbutt misses Natasha.
You closely miss Sigmund. Natasha claws you. Sigmund casts a spell at you.
You resist with significant effort. Natasha casts a spell at you.
The magic dart hits you.
Sigmund hits you with a +4 scythe of protection!
Huge Dmg: -42%(-14hp) hp: 43%(14hp)
You feel less confused. Natasha casts a spell at you. The magic dart hits you.
* * * LOW HITPOINT WARNING * * *
Sigmund points at you and mumbles some strange words.
You resist with significant effort.
Huge Dmg: -18%(-6hp) hp: 25%(8hp) Sigmund barely misses you.
Natasha zaps a wand.
The puff of flame misses you.
Sigmund hits you from afar with a +4 scythe of protection!
You die...

### ... ##
########### .##
.........#
..##########.......#
...................#
........$..........#
.....###≈..≈###.@..#
....#...# ≈#...#..##
##..#.⌠.#≈≈#.⌠.#h@#
#.)#...#≈≈#...#..#
#...###≈≈≈≈###...#
#.....≈≈≈≈≈≈.....#
#.....≈≈≈≈≈≈.....#
#...###≈≈≈≈###...#
##.#...#≈≈#...#..#


You could see Sigmund and Natasha.

Vanquished Creatures
  2 worms (D:2)
  An orc (D:2)
  6 ball pythons
  3 endoplasms (D:1)
  2 giant cockroaches (D:1)
  2 goblins (D:1)
  5 hobgoblins (D:1)
  2 jackals (D:1)
  2 quokkas (D:1)
  2 bats
  2 frilled lizards
  4 kobolds
  9 rats
42 creatures vanquished.

Notes
Turn   | Place    | Note
-------+----------+-------------------------------------------
     0 | D:1      | Tinkle the Minotaur Berserker began the quest for the Orb.
     0 | D:1      | Reached XP level 1. HP: 19/19 MP: 0/0
    75 | D:1      | Huge Dmg: 4 dmg
   155 | D:1      | Reached skill level 4 in Axes
   183 | D:1      | Reached XP level 2. HP: 24/27 MP: 1/1
   329 | D:1      | Huge Dmg: 10 dmg
   712 | D:1      | Reached XP level 3. HP: 33/33 MP: 2/2
   870 | D:1      | Reached ** piety under Trog
   956 | D:1      | Found a faded altar of an unknown god.
  1025 | D:2      | Noticed Natasha
  1032 | D:1      | Reached skill level 5 in Axes
  1274 | D:2      | Huge Dmg: 9 dmg
  1275 | D:2      | Huge Dmg: 6 dmg
  1480 | D:2      | Noticed Sigmund
  1489 | D:2      | Huge Dmg: 14 dmg
  1490 | D:2      | Huge Dmg: 6 dmg
  1491 | D:2      | Slain by Sigmund

Illustrated notes

Levels and vault maps discovered:
D:1:      matt_arrival_grand_opening, layout_loops_ring,
          ebering_ecumenical_altar_webs
D:2:      layout_rooms, amcnicky_mini_rare_corridor_liquid,
          chequers_serial_rivers_room_a, chequers_serial_rivers_small_3,
          minivault_19, fountainhead, uniq_natasha, uniq_sigmund

Skill      XL: |  1  2  3 |
---------------+----------+-----
Axes           | 4 5 |  5.3
Fighting       | 4 |  4.0
Armour         | |  2.4
Dodging        | |  2.1

Action                   || total
-------------------------++-------
Melee: Hand axe          ||    76
       Headbutt          ||    10
Invok: Berserk           ||     1
 Stab: Sleeping          ||     1
Armor: Animal skin       ||     9
       Chain mail        ||     8
Dodge: Dodged            ||    50
